 Dungeon Crawl Stone Soup version 0.30.1-9-gdf580d7c3d (webtiles) character file.

Game seed: 12376459930886752058

639 CrazyMind the Magician (level 7, -19/49 HPs)
             Began as a Djinni Conjurer on Oct 8, 2023.
             Was an Initiate of Makhleb.
             Killed from afar by an acid dragon (21 damage)
             ... with a splash of acid
             ... on level 5 of the Dungeon.
             The game lasted 00:18:08 (4247 turns).

CrazyMind the Magician (Djinni Conjurer)            Turns: 4247, Time: 00:18:09

Health: -19/49     AC:  0    Str:  6    XL:     7   Next: 80%
Gold:   103        EV: 12    Int: 21    God:    Makhleb [......] SH:  0 Dex: 12

rFire   + + .        p - staff of conjuration
rCold   x . .        (no shield)
rNeg    . . .        a - +0 robe
rPois   ∞            (no helmet)
rElec   .            l - +1 cloak
rCorr   .            (no gloves)
SInv    .            (boots unavailable)
Will    .....        (no amulet)
Stlth   ++           (no ring)
HPRegen 0.28/turn    (no ring)
MPRegen 0.00/turn

%: infuse magic (-20 HP)
@: corroded, on blink cooldown, flying
A: sickness immunity, fire resistance 2, cold vulnerability 1, float, innate
caster, HP casting, extra vitality 1
a: Renounce Religion


You were on level 5 of the Dungeon.
You worshipped Makhleb.
Makhleb was noncommittal.
You visited 2 branches of the dungeon, and saw 6 of its levels.
You also visited: Sewer.

You collected 211 gold pieces.
You spent 108 gold pieces at shops.

Inventory:

Hand Weapons
 s - a +5 dagger
Missiles
 g - 2 boomerangs
 o - 8 poisoned darts
Armour
 a - a +0 robe (worn)
 h - a +0 buckler
 l - a +1 cloak (worn)
Magical Staves
 p - a staff of conjuration (weapon)
Jewellery
 m - a ring of willpower
Scrolls
 b - a scroll of vulnerability
 c - 3 scrolls of teleportation
 k - a scroll of fog
 t - a scroll of enchant armour
Potions
 d - 2 potions of resistance
 e - a potion of flight {unknown}
 f - 2 potions of curing
 i - a potion of ambrosia {unknown}
 j - a potion of haste {unknown}
 q - a potion of might {unknown}
 r - 2 potions of mutation


   Skills:
 * Level 2.6 Fighting
 + Level 3.0 Dodging
 + Level 2.5 Stealth
 * Level 6.0 Spellcasting


You knew the following spells:

 Your Spells              Type           Power      Damage    Failure   Level
a - Magic Dart            Conj           100%       1d8       1%          1
b - Searing Ray           Conj           96%        2d7       1%          2
c - Dazzling Flash        Conj/Hex       96%        N/A       2%          3
d - Fulminant Prism       Conj/Hex       24%        3d12      8%          4
e - Iskenderun's Mystic   Conj/Tloc      48%        2d11      8%          4
f - Necrotise             Necr           100%       1d9       1%          1
g - Blink                 Tloc           64%        N/A       1%          2
h - Teleport Other        Tloc           32%        N/A       2%          3
Your spell library was empty.

Dungeon Overview and Level Annotations

Branches:
Dungeon (5/15) Zot: 26180  Temple (1/1) D:5 Zot: 5928   Sewer (visited)

Altars:
Ashenzari
Dithmenos
Elyvilon
Gozag
Makhleb
Nemelex Xobeh
Qazlal
Trog
Wu Jian
Yredelemnul

Shops:
D:2 :   D:3 !*(

Annotations:
D:5 Menkaure


Innate Abilities, Weirdness & Mutations

You are immune to sickness and miasma.
You are immune to poison.
Your flesh is very heat resistant. (rF++)
You are vulnerable to cold. (rC-)
You float through the air rather than walking.
You learn spells naturally, not from books.
Your magical power is your life essence.
You have superior vitality. (+4 MHP)


Message History

Done waiting.
You fly downwards.
Level annotation: Menkaure
There is a stone staircase leading up here.
Found a chain mail.
An adder and an acid dragon come into view.
Found a plate armour.
The acid dragon roars!
The adder moves out of view.
Casting: Iskenderun's Mystic Blast (dangerous; 8% risk of failure)
Confirm with . or Enter, or press ? or * to list all spells.
Aiming: Searing Ray (safe; 1% risk of failure)
Press: ? - help, Shift-Dir - straight line, f - acid dragon
Aim: an acid dragon (83% to hit)
You feel a surge of power!
The searing ray misses the acid dragon. (Press . to maintain the ray.)
The acid dragon spits acid at you. The splash of acid hits you!!
The acid corrodes you!
You hear a bellow!
You hear an angry hiss.
The searing ray hits the acid dragon!
The acid dragon is moderately wounded.
The acid dragon bites you!
* * * LOW HITPOINT WARNING * * *
The acid dragon claws you.
* * * LOW HITPOINT WARNING * * *
Okay, then.
You aren't carrying any items that you can evoke.
Unknown command.
Okay, then.
Casting: Searing Ray (safe; 1% risk of failure)
Confirm with . or Enter, or press ? or * to list all spells.
Okay, then.
Okay, then.
Casting: Searing Ray (safe; 1% risk of failure)
Confirm with . or Enter, or press ? or * to list all spells.
You blink.
* * * LOW HITPOINT WARNING * * *
The acid dragon spits acid at you. The splash of acid hits you!!
You die...

#.. .. #. #.# #.# ##.#...# ##.#
..# ..[.# ..[. #..##### #.# ._..
...## ##......## ##.#... # . ..
#.#......#
#..#.###.#.#.#.#.##.#..##..######
.......... ....#.#§#...##.<......
...#######.# #..#D#.[#####.......
.#.........# #.@##.## ########
####.####### ##...## .###.###
##### .......# ...###.#
############ ~~~~~#.#
#...<......#
...#~#.#####.########..
....~.....##.# ....~..##..#.#


You could see an acid dragon (catching breath).

Vanquished Creatures
  A scorpion (D:4)
  A howler monkey (D:4)
  An orc priest (D:3)
  5 jellies
  2 iguanas (D:4)
  3 orc wizards (D:4)
  4 gnolls (D:3)
  6 adders
  A river rat (D:4)
  A worm (Sewer)
  2 dart slugs
  15 orcs
  15 endoplasms
  6 giant cockroaches
  6 goblins
  6 hobgoblins
  7 jackals
  7 kobolds
  7 quokkas
  10 ball pythons
  3 bats (D:3)
  6 frilled lizards
  9 rats
124 creatures vanquished.

Vanquished Creatures (others)
  A fulminant prism (Sewer)
1 creature vanquished.

Grand Total: 125 creatures vanquished

Notes
Turn   | Place    | Note
-------+----------+-------------------------------------------
     0 | D:1      | CrazyMind the Djinni Conjurer began the quest for the Orb.
     0 | D:1      | CrazyMind set off with the following spells memorised:
                  | Magic Dart, Searing Ray, Dazzling Flash, Fulminant Prism,
                  | Iskenderun's Mystic Blast.
     0 | D:1      | Reached XP level 1. HP: 15/15 MP: 0/0
   134 | D:1      | Reached XP level 2. HP: 13/22 MP: 0/0
   382 | D:1      | Reached skill level 1 in Fighting
   382 | D:1      | Reached XP level 3. HP: 11/27 MP: 0/0
   382 | D:1      | Learned a level 1 spell: Necrotise
   538 | D:1      | You are sucked into a shaft and drop 1 floor!
   538 | D:2      | Found Utooc's Book Shop.
   760 | D:2      | Reached skill level 4 in Spellcasting
   803 | D:2      | Reached XP level 4. HP: 28/32 MP: 0/0
  1723 | D:3      | Reached XP level 5. HP: 26/37 MP: 0/0
  1723 | D:3      | Learned a level 2 spell: Blink
  2012 | D:3      | Found Dekis's Distillery.
  2020 | D:3      | Bought a potion of degeneration for 12 gold pieces
  2020 | D:3      | Bought a potion of mutation for 96 gold pieces
  2092 | D:3      | Found a basalt altar of Yredelemnul.
  2244 | D:3      | Found Qoij's General Store.
  2255 | D:3      | Found Puabow's Weapon Boutique.
  2719 | D:4      | Reached XP level 6. HP: 23/43 MP: 0/0
  2776 | D:4      | Found a sparkling altar of Nemelex Xobeh.
  2784 | D:4      | Reached skill level 5 in Spellcasting
  2788 | D:4      | Found a white marble altar of Elyvilon.
  2837 | D:4      | Found a bloodstained altar of Trog.
  3060 | D:4      | Reached XP level 7. HP: 46/49 MP: 0/0
  3060 | D:4      | Learned a level 3 spell: Teleport Other
  3209 | D:4      | Found a glowing drain.
  3216 | Sewer    | Entered a sewer
  3517 | Sewer    | Found a viscous altar of Jiyva.
  3606 | D:4      | Reached skill level 6 in Spellcasting
  3793 | D:5      | Entered Level 5 of the Dungeon
  3806 | D:5      | Found a staircase to the Ecumenical Temple.
  3819 | Temple   | Entered the Ecumenical Temple
  3872 | Temple   | Became a worshipper of Makhleb the Destroyer
  3903 | D:5      | Found a broken altar of Ashenzari.
  4013 | D:5      | Noticed Menkaure
  4243 | D:5      | Noticed an acid dragon
  4247 | D:5      | Killed from afar by an acid dragon

Illustrated notes

Levels and vault maps discovered:
D:1:      eino_arrival_water_cross, layout_loops_ring, serial_shops, shop
D:2:      layout_loops_ring, serial_shops, nicolae_diamond_shop
D:3:      layout_loops_corners, vehumet_crystals, mainiacjoe_overflow_boulevard,
          serial_shops, shop, shop_statue, nicolae_shop_bloodbath_and_beyond
D:4:      layout_loops_cross, nicolae_elyvilon_temple_path,
          nemelex_diamond_rough_becter, trog_butcher_becter,
          portal_sewer_entry_b
D:5:      layout_loops_ring, kb_xom_exploding_sheep,
          mainiacjoe_overflow_cross_hatched, minmay_temple_entry_water_ring,
          minmay_manual_mess, uniq_menkaure
Temple:   hellmonk_temple_of_storms

Skill      XL: |  1  2  3  4  5  6  7 |
---------------+----------------------+-----
Fighting       | 1 2 |  2.6
Spellcasting   | 4 5 6 |  6.0
Stealth        | 2 |  2.5
Dodging        | 3 |  3.0

Action                     |  1- 3 |  4- 6 |  7- 9 || total
---------------------------+-------+-------+-------++-------
  Melee: Hand axe          |     2 |       |       ||     2
         Staff             |       |     4 |     1 ||     5
   Cast: Magic Dart        |    16 |    14 |       ||    30
         Searing Ray       |    16 |    34 |    37 ||    87
         Necrotise         |     2 |       |       ||     2
         Iskenderun's Myst |       |       |     2 ||     2
         Blink             |       |       |     1 ||     1
         Fulminant Prism   |       |       |     1 ||     1
    Use: Scroll            |       |    10 |     1 ||    11
   Stab: Sleeping          |     1 |     2 |       ||     3
 Armour: Robe              |     6 |     5 |     8 ||    19
  Dodge: Dodged            |    18 |    30 |     9 ||    57
